 Dungeon Crawl Stone Soup version 0.21.0 (webtiles) character file.

1328 Timinator the Changer (level 8, -5/61 HPs)
             Began as a Vampire Transmuter on Mar 18, 2018.
             Was a Follower of Kikubaaqudgha.
             Slain by a wyvern zombie (14 damage)
             ... on level 6 of the Dungeon on Mar 19, 2018.
             The game lasted 00:50:15 (4897 turns).

Timinator the Changer (Vampire Transmuter)          Turns: 4897, Time: 00:50:16

Health: -5/61      AC:  4    Str: 16    XL:     8   Next: 34%
Magic:  11/11      EV: 15    Int: 20    God:    Kikubaaqudgha [*.....]
Gold:   102        SH:  0    Dex: 16    Spells: 5/11 levels left

rFire    . . .     SeeInvis +     - Unarmed
rCold    . . .     Gourm    .   (no shield)
rNeg     + . .     Faith    .   q - +0 robe
rPois    .         Spirit   .   b - +2 hat
rElec    .         Reflect  .   (no cloak)
rCorr    .         Harm     .   (no gloves)
MR       .....                  (no boots)
Stlth    +.........             j - amulet of regeneration
HPRegen  0.60/turn              l - ring of wizardry
MPRegen  0.12/turn              y - +6 ring of strength

@: brilliant
A: fangs 3, see invisible, unbreathing
a: Bat Form, Receive Corpses, Renounce Religion


You were on level 6 of the Dungeon.
You worshipped Kikubaaqudgha.
Kikubaaqudgha was aware of your devotion.
You were not thirsty.

You visited 2 branches of the dungeon, and saw 7 of its levels.

You collected 201 gold pieces.
You spent 99 gold pieces at shops.

Inventory:

Armour
 b - a +2 hat (worn)
 q - a +0 robe (worn)
Jewellery
 j - an amulet of regeneration (around neck)
 l - a ring of wizardry (left hand)
 t - an uncursed amulet of guardian spirit
 u - an uncursed amulet of magic regeneration
 y - a +6 ring of strength (right hand)
Wands
 p - a wand of polymorph (24)
Scrolls
 a - a scroll of brand weapon {unknown}
 f - 6 scrolls of identify {unknown}
 g - 2 scrolls of fear {unknown}
 m - a scroll of enchant armour {unknown}
 n - 6 scrolls of teleportation {unknown}
 o - a scroll of amnesia {unknown}
 r - 3 scrolls of remove curse {unknown}
 s - 3 scrolls of enchant weapon {unknown}
 v - 2 scrolls of random uselessness {unknown}
 x - a scroll of blinking {unknown}
 A - a scroll of immolation
 D - a scroll of fog {unknown}
Potions
 d - 10 potions of blood
 e - a potion of mutation
 i - 2 potions of curing
 k - a potion of heal wounds {unknown}
 w - a potion of might {unknown}
 z - a potion of flight {unknown}
Books
 c - a book of Changes

   Spells                             Type                      Level
   a - Beastly Appendage              Transmutation                1
   b - Sticks to Snakes               Transmutation                2
   c - Spider Form                    Transmutation/Poison         3
   d - Ice Form                       Ice/Transmutation            4
   e - Blade Hands                    Transmutation                5
 E - Kikubaaqudgha's Handbook of Necromancy
   (Kikubaaqudgha gifted it to you on level 5 of the Dungeon)

   Spells                             Type                      Level
   a - Pain                           Necromancy                   1
   b - Corpse Rot                     Necromancy                   2
   c - Sublimation of Blood           Necromancy                   2
   d - Regeneration                   Charms/Necromancy            3


   Skills:
 + Level 4.6 Fighting
 + Level 5.3 Dodging
 + Level 6.0 Unarmed Combat
 - Level 2.0 Spellcasting
 + Level 6.8 Transmutations


You had 5 spell levels left.
You knew the following spells:

 Your Spells              Type           Power        Failure   Level  Hunger
a - Beastly Appendage     Tmut           #####.       1%          1    #......
b - Blade Hands           Tmut           #####.....   3%          5    ######.


Dungeon Overview and Level Annotations

Branches:
Dungeon (6/15)             Temple (1/1) D:4

Altars:
Ashenzari
Cheibriados
Dithmenos
Elyvilon
Fedhas
Gozag
Hepliaklqana
Kikubaaqudgha
Makhleb
Nemelex Xobeh
Okawaru
Qazlal
Ru
Sif Muna
Trog
Uskayaw
Vehumet
Wu Jian
Xom
Yredelemnul
Zin
The Shining One

Shops:
D:4 !


Innate Abilities, Weirdness & Mutations

You have razor-sharp teeth.
You have supernaturally acute eyesight. (SInv)
You can survive without breathing.


Message History

* * * LOW HITPOINT WARNING * * *
It was a potion of curing.
You feel better. The wyvern zombie closely misses you.
The wyvern zombie completely misses you.
It was a potion of cancellation.
Your magical effects are unravelling.
You feel magically purged.
Your hands revert to their normal proportions.
The wyvern zombie bites you.
* * * LOW HITPOINT WARNING * * *
It was a potion of magic.
Magic courses through your body. The wyvern zombie misses you.
Casting: Blade Hands
Confirm with . or Enter, or press ? or * to list all spells.
Okay, then.
It was a potion of brilliance.
You feel clever all of a sudden. The wyvern zombie closely misses you.
The wyvern zombie bites you!
You die...
Kikubaaqudgha rasps: "You have failed me!
Welcome... oblivion!"

#.########...####.#
#.#......<......#.#
#.#.###...#..##.#.#
#.#.......#..##.#.#
#.#...#.#.......#.#
#.#.......#..####.#
#.#.....#.#.>...%.#
######.#########.#######
......ooZ@.......#
######.########### #. #.
#. #. #. #.


You could see an orc wizard (invisible), an orc and a wyvern zombie.

Vanquished Creatures
  Sigmund (D:5)
  A phantom (D:6)
  2 ogres (D:5)
  A water moccasin skeleton (D:6)
  A scorpion (D:5)
  A howler monkey (D:5)
  3 hounds (D:5)
  A bullfrog skeleton (D:5)
  5 orc wizards
  2 centaur skeletons (D:4)
  Jessica (D:2)
  2 iguanas
  5 worker ants
  A hound skeleton (D:4)
  A howler monkey zombie (D:3)
  4 gnolls (D:4)
  10 adders
  An ooze (D:1)
  An adder zombie (D:6)
  3 worms
  2 dart slugs
  3 leopard geckos
  10 orcs
  3 ball pythons
  3 giant cockroaches
  5 goblins
  9 hobgoblins
  8 jackals (D:4)
  8 kobolds
  3 quokkas
  8 bats
  9 frilled lizards
  A giant cockroach zombie (D:6)
  A jackal skeleton (D:5)
  A quokka skeleton (D:4)
  2 rats (D:1)
123 creatures vanquished.

Notes
Turn   | Place    | Note
-------+----------+-------------------------------------------
     0 | D:1      | Timinator the Vampire Transmuter began the quest for the Orb.
     0 | D:1      | Reached XP level 1. HP: 14/14 MP: 3/3
    10 | D:1      | Reached skill level 1 in Fighting
    79 | D:1      | Reached XP level 2. HP: 13/22 MP: 5/5
   542 | D:1      | Reached XP level 3. HP: 28/28 MP: 6/6
   976 | D:2      | Noticed Jessica
   986 | D:2      | Killed Jessica
   986 | D:2      | Reached XP level 4. HP: 30/34 MP: 5/7
  1603 | D:3      | Found a radiant altar of Vehumet.
  1769 | D:3      | Reached XP level 5. HP: 39/40 MP: 6/8
  2044 | D:3      | Found a faded altar of an unknown god.
  2469 | D:4      | HP: 1/41 [gnoll/stone (7)]
  2596 | D:3      | Learned a level 5 spell: Blade Hands
  2717 | D:4      | Reached XP level 6. HP: 39/47 MP: 9/9
  2983 | D:4      | Found Zoewolo's Distillery.
  2994 | D:4      | Bought a potion of mutation for 88 gold pieces
  3082 | D:4      | Found a staircase to the Ecumenical Temple.
  3089 | Temple   | Entered the Ecumenical Temple
  3248 | Temple   | Became a worshipper of Kikubaaqudgha
  3319 | D:4      | Bought a potion of degeneration for 11 gold pieces
  3348 | D:4      | Found a basalt altar of Yredelemnul.
  3351 | D:4      | Found an iron altar of Okawaru.
  3830 | D:5      | Entered Level 5 of the Dungeon
  3847 | D:5      | Reached skill level 5 in Transmutations
  3849 | D:5      | Reached skill level 5 in Unarmed Combat
  3849 | D:5      | Reached XP level 7. HP: 53/53 MP: 4/10
  4156 | D:5      | Reached * piety under Kikubaaqudgha
  4156 | D:5      | Identified Kikubaaqudgha's Handbook of Necromancy (Kikubaaqudgha gifted it to you on level 5 of the Dungeon)
  4156 | D:5      | Received a gift from Kikubaaqudgha
  4232 | D:5      | Noticed Sigmund
  4244 | D:5      | Killed Sigmund
  4244 | D:5      | Reached XP level 8. HP: 38/61 MP: 6/11
  4309 | D:5      | Reached skill level 5 in Dodging
  4324 | D:5      | Found a blossoming altar of Fedhas.
  4893 | D:6      | HP: 3/61 [wyvern zombie (14)]
  4897 | D:6      | Slain by a wyvern zombie

Skill      XL: |  1  2  3  4  5  6  7  8 |
---------------+-------------------------+-----
Fighting       | 1 2 3 4 |  4.6
Unarmed Combat | 4 5 6 |  6.0
Transmutations | 3 4 5 6 |  6.8
Dodging        | 3 4 5 |  5.3
Spellcasting   | |  2.0

Action                   |  1- 3 |  4- 6 |  7- 9 || total
-------------------------+-------+-------+-------++-------
Melee: Unarmed           |   114 |   298 |   137 ||   549
       Bite              |     6 |    30 |    13 ||    49
       Headbutt          |     3 |    20 |     5 ||    28
       Kick              |    11 |     6 |    11 ||    28
       Punch             |       |     6 |     3 ||     9
 Cast: Beastly Appendage |    14 |    18 |     8 ||    40
       Blade Hands       |       |     3 |     5 ||     8
 Abil: End Transformatio |       |     3 |     3 ||     6
       Bat Form          |       |     3 |     1 ||     4
  Use: Potion            |     2 |     5 |     8 ||    15
       Scroll            |       |       |     1 ||     1
 Stab: Sleeping          |       |     3 |       ||     3
  Eat: Corpse            |     4 |    10 |     2 ||    16
Armor: Robe              |    21 |    65 |    21 ||   107
Dodge: Dodged            |    64 |   184 |    58 ||   306
